 Dungeon Crawl Stone Soup version 0.30-a0-374-g95c0257040 (webtiles) character file.

Game seed: 17364202136141640945

151 pokeman the Magician (level 5, -1/29 HPs)
             Began as a Deep Elf Hedge Wizard on Nov 26, 2022.
             Slain by a black bear (4 damage)
             ... on level 3 of the Dungeon.
             The game lasted 00:04:30 (2289 turns).

pokeman the Magician (Deep Elf Hedge Wizard)        Turns: 2289, Time: 00:04:31

Health: -1/29      AC:  2    Str:  7    XL:     5   Next: 11%
Magic:  8/15       EV: 13    Int: 21    God:
Gold:   108        SH:  0    Dex: 14    Spells: 8/16 levels left

rFire   . . .      SeeInvis .    u - +0 spear
rCold   . . .      Faith    .    (no shield)
rNeg    . . .      Spirit   .    b - +0 robe
rPois   .          Reflect  .    c - +0 hat
rElec   .          Harm     .    (no cloak)
rCorr   .          Rampage  .    (no gloves)
Will    .....                    (no boots)
Stlth   ++........               h - amulet of magic regeneration
HPRegen 0.24/turn                e - +4 ring of slaying
MPRegen 0.54/turn                (no ring)

@: lethally poisoned (-1 -> -2), on blink cooldown, very slightly contaminated
A: no striking features
a: no special abilities


You were on level 3 of the Dungeon.
You visited 1 branch of the dungeon, and saw 3 of its levels.

You collected 108 gold pieces.

Inventory:

Hand Weapons
 u - a +0 spear (weapon)
Armour
 b - a +0 robe (worn)
 c - a +0 hat (worn)
Jewellery
 e - a +4 ring of slaying (left hand)
 h - an amulet of magic regeneration (around neck)
 l - an amulet of guardian spirit
Scrolls
 f - a scroll of fog {unknown}
 g - 6 scrolls of identify {unknown}
 i - a scroll of fear {unknown}
 j - a scroll of poison {unknown}
 k - a scroll of immolation {unknown}
 m - a scroll of amnesia {unknown}
 n - a scroll of acquirement {unknown}
 o - 2 scrolls of magic mapping {unknown}
 p - a scroll of teleportation {unknown}
 r - 2 scrolls of enchant weapon {unknown}
 s - a scroll of blinking {unknown}
Potions
 a - a potion of curing
 d - a potion of magic
 q - a potion of resistance {unknown}
 t - a potion of ambrosia {unknown}


   Skills:
 - Level 1.0 Fighting
 - Level 1.0 Armour
 - Level 3.1 Dodging
 + Level 2.4 Stealth
 * Level 6.0 Spellcasting
 + Level 2.5 Conjurations
 - Level 1.1 Summonings
 - Level 1.1 Translocations
 + Level 0.3 Air Magic
 - Level 1.1 Poison Magic


You had 8 spell levels left.
You knew the following spells:

 Your Spells              Type           Power      Damage    Failure   Level
a - Magic Dart            Conj           68%        1d6       3%          1
b - Mephitic Cloud        Conj/Pois/Air  12%        N/A       17%         3
c - Call Imp              Summ           11%        N/A       10%         2
d - Blink                 Tloc           22%        N/A       10%         2

Your spell library contained the following spells:

 Spells                   Type           Power      Damage    Failure   Level
 Apportation              Tloc           22%        N/A       6%          1
 Summon Small Mammal      Summ           44%        N/A       6%          1
 Necrotise                Necr           24%        1d5       10%         1
 Slow                     Hex            24%        N/A       10%         1
 Cigotuvi's Dreadful Rot  Necr/Pois/Air  16%        N/A       12%         2
 Confusing Touch          Hex            6%         N/A       28%         3
 Vampiric Draining        Necr           6%         2d6       28%         3


Dungeon Overview and Level Annotations

Branches:
Dungeon (3/15)

Altars:


Message History

The black bear is moderately wounded.
The black bear misses you. The black bear closely misses you.
The black bear misses you. The black bear bites you. The black bear claws you.
The black bear claws you but does no damage.
Casting: Mephitic Cloud (quite dangerous; 17% risk of failure)
Confirm with . or Enter, or press ? or * to list all spells.
The spell is quite dangerous to miscast (17% risk of failure)!
Continue anyway?
Aiming: Mephitic Cloud (quite dangerous; 17% risk of failure)
Press: ? - help, Shift-Dir - straight line, f/p - black bear
Aim: a black bear (moderately wounded, chance to affect: 72%) That beam is likely to hit you.
Continue anyway?
You miscast Mephitic Cloud.
You are very lightly contaminated with residual magic.
You feel rather nauseous for a moment.
You are poisoned.
You feel sick. The black bear bites you. The black bear claws you.
* * * LOW HITPOINT WARNING * * *
The black bear misses you.
Casting: Mephitic Cloud (quite dangerous; 17% risk of failure)
Confirm with . or Enter, or press ? or * to list all spells.
You blink.
You feel sick.
Unknown command.
Casting: Blink (safe; 10% risk of failure)
Confirm with . or Enter, or press ? or * to list all spells.
The spell is quite dangerous to miscast (17% risk of failure)!
Continue anyway? [Y]es or [N]o only, please.
The spell is quite dangerous to miscast (17% risk of failure)!
Continue anyway?
Aiming: Mephitic Cloud (quite dangerous; 17% risk of failure)
Press: ? - help, Shift-Dir - straight line, f/p - black bear
Aim: a black bear (moderately wounded, chance to affect: 72%)
The ball explodes into a vile cloud!
The stinking cloud engulfs the black bear but does no damage.
The black bear is moderately wounded.
You feel sick.
The black bear is engulfed in noxious fumes.
Unknown command.
The black bear attacks as you move away!
The black bear bites you.
You die...

..# #.# #.# #.#
#.############ #####
##...§.°○......
......##..####○...####
#....## #.h..# ####.#
#..@.# #.# #....# #.#
#....# ####.# #....#
###....##########
##................
#........#########
#........# #....#
..........# #....#


You could see a black bear.

Vanquished Creatures
  An orc wizard (D:3)
  4 gnolls (D:3)
  2 adders
  A worm (D:2)
  A dart slug (D:1)
  3 orcs (D:3)
  5 ball pythons
  5 endoplasms
  2 giant cockroaches (D:1)
  9 goblins
  4 hobgoblins
  4 quokkas
  8 bats
  5 frilled lizards
  3 kobolds
  A rat (D:2)
58 creatures vanquished.

Vanquished Creatures (others)
  3 plants (D:2)
3 creatures vanquished.

Grand Total: 61 creatures vanquished

Notes
Turn   | Place    | Note
-------+----------+-------------------------------------------
     0 | D:1      | pokeman the Deep Elf Hedge Wizard began the quest for the
                  | Orb.
     0 | D:1      | Reached XP level 1. HP: 10/10 MP: 7/7
    51 | D:1      | Found a faded altar of an unknown god.
   148 | D:1      | Reached XP level 2. HP: 16/16 MP: 7/9
   452 | D:1      | Reached skill level 5 in Spellcasting
   820 | D:1      | Reached XP level 3. HP: 20/20 MP: 7/11
   824 | D:1      | Learned a level 3 spell: Mephitic Cloud
   827 | D:1      | Learned a level 2 spell: Call Imp
   830 | D:1      | Learned a level 2 spell: Blink
  1270 | D:2      | Reached skill level 1 in Fighting
  1315 | D:2      | Reached skill level 1 in Armour
  1321 | D:2      | HP: 1/20 [poisoned by an adder]
  1937 | D:3      | Reached XP level 4. HP: 24/25 MP: 9/13
  2088 | D:3      | Reached skill level 1 in Poison Magic
  2227 | D:3      | Reached skill level 6 in Spellcasting
  2227 | D:3      | Reached XP level 5. HP: 25/29 MP: 7/15
  2271 | D:3      | Noticed a black bear
  2289 | D:3      | Slain by a black bear

Illustrated notes

Levels and vault maps discovered:
D:1:      matt_arrival_diagonals, layout_basic,
          ebering_ecumenical_altar_sacrificial
D:2:      minmay_recursive_quarters, layout_basic, serial_forest,
          infiniplex_forest_clump_medium, infiniplex_forest_clump_C,
          infiniplex_forest_end_2, infiniplex_forest_split,
          amcnicky_mini_corridor_feature
D:3:      layout_rooms, serial_co_window_serial, co_window_corner_a,
          co_window_corner_a, co_window_paths_b, co_window_paths_a,
          co_window_corner_a, co_window_unsneaky_path_c, co_window_broadway_b,
          co_window_broadway_b, co_window_broadway_c, co_window_broadway_a,
          co_window_cross_4, co_window_corner_ca, glass_columns_b,
          glass_columns_b, glass_columns_a, glass_columns_b

Skill      XL: |  1  2  3  4 |
---------------+-------------+-----
Spellcasting   | 5 6 |  6.0
Fighting       | 1 |  1.0
Armour         | 1 |  1.0
Conjurations   | 2 |  2.5
Poison Magic   | 1 |  1.1
Dodging        | 3 |  3.1
Stealth        | |  2.4
Summonings     | |  1.1
Translocations | |  1.1
Air Magic      | |  0.3

Action                   |  1- 3 |  4- 6 || total
-------------------------+-------+-------++-------
Melee: Dagger            |    17 |       ||    17
       Spear             |       |    14 ||    14
 Cast: Magic Dart        |   135 |    31 ||   166
       Mephitic Cloud    |       |     4 ||     4
       Blink             |       |     1 ||     1
 Stab: Confused          |       |     2 ||     2
Armor: Robe              |     5 |     3 ||     8
Dodge: Dodged            |    12 |    10 ||    22

Table legend: (Time is in decaauts)
 A = Elapsed time spent in this place.
 B = Non-inter-level travel time spent in this place.
 C = Inter-level travel time spent in this place.
 D = Time resting spent in this place.
 E = Time spent auto-exploring this place.
 F = Levels seen in this place.
 G = Mean time per level.
                   A        B        C        D        E       F      G
               +--------+--------+--------+--------+--------+-----+--------+
         Total |   2288 |   2227 |     61 |      0 |   1851 |   3 |  762.7 |
       Dungeon |   2288 |   2227 |     61 |      0 |   1851 |   3 |  762.7 |
               +--------+--------+--------+--------+--------+-----+--------+

Top non-repeatable levels by time:
     D:2: 862 daAuts
     D:1: 851 daAuts
     D:3: 574 daAuts
